 Dungeon Crawl Stone Soup version 0.32-a0-136-gc02482bde3 (webtiles) character file.

Game seed: 12668688770619431558

19 runemasterragnar the Ruffian (level 2, -1/36 HPs)
             Began as a Minotaur Shapeshifter on Feb 11, 2024.
             Succumbed to a kobold's poison
             ... on level 2 of the Dungeon.
             The game lasted 00:01:33 (458 turns).

runemasterragnar the Ruffian (Minotaur Shapeshifter) Turns: 458, Time: 00:01:33

Health: -1/36      AC: 21    Str: 18    XL:     2   Next: 55%
Magic:  1/1        EV:  2    Int:  7    God:
Gold:   32         SH:  0    Dex:  9    Spells: 1/1 levels left

rFire   . .          .
                       - Unarmed
rCold   . . .        (no shield)
rNeg    . . .        a - melded +0 animal skin
rPois   +            (helmet currently unavailable)
rElec   .            (cloak currently unavailable)
rCorr   .            (gloves currently unavailable)
SInv    .            (boots currently unavailable)
Will    .....        (no amulet)
Stlth   +            (no ring)
HPRegen 0.26/turn    (no ring)
MPRegen 0.07/turn

%: no passive effects
@: lethally poisoned (-1 -> -7), tree-form
A: stationary, stasis, torment immunity, boosted hp, (horns 2), (retaliatory
headbutt)
a: no special abilities


You were on level 2 of the Dungeon.
You were a tree.
You visited 1 branch of the dungeon, and saw 2 of its levels.

You collected 32 gold pieces.

Inventory:

Armour
 a - a +0 animal skin (melded)
Talismans
 c - a beast talisman
 d - a flux talisman
Scrolls
 e - a scroll of noise {unknown}
 f - a scroll of fog {unknown}


   Skills:
 + Level 1.9 Fighting
 - Level 2.1 Dodging
 + Level 3.5 Unarmed Combat
 * Level 2.8 Shapeshifting


You had one spell level left.
You didn't know any spells.
Your spell library contained the following spells:

 Spells                   Type           Power      Damage    Failure   Level
 Hailstorm                Conj/Ice       0%         3d5       80%         3
 Summon Ice Beast         Ice/Summ       0%         N/A       80%         3
 Sculpt Simulacrum        Ice/Alch       0%         N/A       100%        6


Dungeon Overview and Level Annotations

Branches:
Dungeon (2/15)

Altars:

Shops:
D:1 :


Innate Abilities, Weirdness & Mutations

You are a tree.
Your roots penetrate the ground, keeping you stationary.
You cannot be teleported.
You are immune to unholy pain and torment.
Your maximum health is greatly increased.
Your equipment is partially melded.
((You have a pair of horns on your head.))
((You reflexively headbutt those who attack you in melee.))


Message History

You are lethally poisoned!
The rat bites you.
The endoplasm hits you but does no damage.
You are too injured to fight recklessly!
You are too injured to fight recklessly!
Unknown command.
You are too injured to fight recklessly!
You hit the endoplasm.
The endoplasm is moderately wounded.
* * * LOW HITPOINT WARNING * * *
You feel very sick. The kobold closely misses you. The rat barely misses you.
The endoplasm closely misses you.
Your transformation has ended.
You turn into a tree.
Your +0 animal skin melds into your body.
Your roots penetrate the ground.
* * * LOW HITPOINT WARNING * * *
You feel very sick. The kobold hits you but does no damage.
The endoplasm hits you but does no damage.
The rat bites you but does no damage.
Unknown command.
You smack the kobold!
You kill the kobold!
* * * LOW HITPOINT WARNING * * *
You feel very sick. The rat bites you but does no damage.
The endoplasm hits you but does no damage.
You cannot move.
You cannot move.
You smack the endoplasm!
You kill the endoplasm!
* * * LOW HITPOINT WARNING * * *
You feel sick. The rat bites you but does no damage.
You cannot move.
You cannot move.
You hit the rat.
You kill the rat!
You die...

#####.###
#........
#..>....<
###........
##...#######
##...$.##
#.......####
#...........
#...♣........
##..†).######
#.......#
#.......#
#.......#
##<....##
##...## #####


There were no monsters in sight!

Vanquished Creatures
  3 endoplasms
  A giant cockroach (D:1)
  A hobgoblin (D:1)
  3 kobolds
  2 quokkas
  A bat (D:1)
  2 frilled lizards (D:1)
  2 goblins (D:1)
  4 rats
19 creatures vanquished.

Notes
Turn   | Place    | Note
-------+----------+-------------------------------------------
     0 | D:1      | runemasterragnar the Minotaur Shapeshifter began the quest
                  | for the Orb.
     0 | D:1      | Reached XP level 1. HP: 16/16 MP: 0/0
   164 | D:1      | Found Ukul's Book Shoppe.
   190 | D:1      | Reached XP level 2. HP: 16/23 MP: 1/1
   442 | D:1      | You fall into a shaft and drop 1 floor!
   457 | D:2      | HP: 1/36 [poisoned by a kobold]
   458 | D:2      | Succumbed to a kobold's poison

Illustrated notes

Levels and vault maps discovered:
D:1:      heliophobic_arrival_dark_side_of_the_moon, layout_loops_corners,
          serial_shops, nicolae_shop_crystal, shop_fountains,
          chequers_serial_rivers_small_b, hangedman_abyss_or_decor_stabs
D:2:      layout_rooms, minmay_cupped, uniq_crazy_yiuf_cottage, uniq_natasha

Action                     || total
---------------------------++-------
  Melee: Unarmed           ||    38
         Headbutt          ||     4
    Use: Potion            ||     1
 Armour: Animal skin       ||    19
         Skin              ||     6
  Dodge: Dodged            ||    20

Table legend: (Time is in decaauts)
 A = Elapsed time spent in this place.
 B = Non-inter-level travel time spent in this place.
 C = Inter-level travel time spent in this place.
 D = Time resting spent in this place.
 E = Time spent auto-exploring this place.
 F = Levels seen in this place.
 G = Mean time per level.
                   A        B        C        D        E       F      G
               +--------+--------+--------+--------+--------+-----+--------+
         Total |    454 |    451 |      3 |      0 |    365 |   2 |  227.0 |
       Dungeon |    454 |    451 |      3 |      0 |    365 |   2 |  227.0 |
               +--------+--------+--------+--------+--------+-----+--------+

Top non-repeatable levels by time:
     D:1: 439 daAuts
     D:2: 15 daAuts
